 Dungeon Crawl Stone Soup version bcrawl-1.21.2-28-g2cb1824106 (webtiles) character file.

Game seed: 4262018344657150075

294 Freyura the Covert (level 6, -4/35 HPs)
             Began as a Felid Monk on Mar 7, 2020.
             Was an Elder of Dithmenos.
             Slain by yrara's ghost (11 damage)
             ... on level 6 of the Dungeon on Mar 9, 2020.
             The game lasted 00:22:03 (5193 turns).

Freyura the Covert (Felid Monk)                     Turns: 5193, Time: 00:22:03

Health: -4/35      AC:  6    Str:  7    XL:     6   Next: 33%
Magic:  9/9        EV: 23    Int: 11    God:    Dithmenos [****..]
Gold:   270        SH:  0    Dex: 21    Spells: 5/5 levels left
                                        Lives:  0   Deaths: 2

rFire    . . .     SeeInvis +     - Unarmed
rCold    . . .     Gourm    .   (shield unavailable)
rNeg     . . .     Faith    +   (armour unavailable)
rPois    .         Spirit   .   (helmet unavailable)
rElec    +         Reflect  .   (cloak restricted)
rCorr    .         Harm     .   (gloves unavailable)
MR       .....                  (boots unavailable)
Stlth    +++++++...             j - amulet of faith
HPRegen  0.11/turn              h - +4 ring of protection
MPRegen  0.11/turn              d - ring of insulation

@: wreathed by umbra, quick
A: very small, no armour, no weapons or thrown items, stealth, claws 1, fangs 3,
see invisible, carnivore, speed 1, shaggy fur 2, slow metabolism 1, sharp paws
a: Shadow Step, Renounce Religion


You were on level 6 of the Dungeon.
You worshipped Dithmenos.
Dithmenos was greatly pleased with you.
You were not hungry.

You visited 2 branches of the dungeon, and saw 7 of its levels.
You also visited: Ossuary.

You collected 270 gold pieces.

Inventory:

Jewellery
 a - an uncursed amulet of guardian spirit
 d - a ring of insulation (right paw)
 h - a +4 ring of protection (left paw)
 j - an amulet of faith (around neck)
 l - an uncursed ring of see invisible {unknown}
 p - an uncursed ring of resist corrosion
Wands
 f - a wand of polymorph (3)
 x - a wand of random effects (11)
Scrolls
 g - 2 scrolls of identify
 i - a scroll of immolation
 k - a scroll of magic mapping
 n - 3 scrolls of teleportation
 q - a scroll of amnesia
 r - 2 scrolls of blinking
 u - 2 scrolls of remove curse
Potions
 b - a potion of cancellation
 c - a potion of brilliance
 m - 4 potions of curing
 o - a potion of haste
 s - 2 potions of lignification
 v - 2 potions of ambrosia
 w - 3 potions of magic
 z - a potion of might {unknown}
Comestibles
 e - 10 rations {!d}


   Skills:
 + Level 5.0 Fighting
 + Level 6.7 Dodging
 * Level 8.7 Stealth
 + Level 6.0 Unarmed Combat
 + Level 3.3 Invocations


You had 5 spell levels left.
You didn't know any spells.
Your spell library was empty.

Dungeon Overview and Level Annotations

Branches:
Dungeon (6/12)             Temple (1/1) D:4

Altars:
Ashenzari
Cheibriados
Dithmenos
Elyvilon
Fedhas
Gozag
Hepliaklqana
Kikubaaqudgha
Lugonu
Makhleb
Nemelex Xobeh
Okawaru
Qazlal
Ru
Sif Muna
Trog
Uskayaw
Vehumet
Wu Jian
Xom
Yredelemnul
Zin
The Shining One

Shops:
D:5 *

Portals:
Sewer: D:6

Annotations:
D:6 yrara's ghost, novice DsFi


Innate Abilities, Weirdness & Mutations

You cannot wear almost all types of armour.
You are incapable of wielding weapons or throwing items.
Your paws allow you to move quietly. (Stealth)
You have sharp claws.
You have razor-sharp teeth.
You have supernaturally acute eyesight. (SInv)
You are carnivorous and can eat meat at any time.
You cover ground quickly.
You are covered in thick fur. (AC +2)
You have a slow metabolism.
Your sharp claws are effective at attacking unaware monsters.


Message History

You are too injured to fight recklessly!
You are too injured to fight recklessly!
You are too injured to fight recklessly!
You are too injured to fight recklessly!
You are too injured to fight recklessly!
You are too injured to fight recklessly!
You scratch yrara's ghost.
Yrara's ghost is heavily damaged.
Yrara's ghost misses you.
You scratch yrara's ghost but do no damage.
Yrara's ghost is heavily damaged.
Yrara's ghost misses you.
You scratch yrara's ghost. Your bite misses yrara's ghost.
Yrara's ghost is heavily damaged.
Yrara's ghost hits you!
* * * LOW HITPOINT WARNING * * *
You scratch yrara's ghost but do no damage.
Yrara's ghost is heavily damaged.
Yrara's ghost hits you!
You die...

#.######## #.#
### #.# #.. #.#
#.# #.# #.# #.#
#.# #.#
#######†#######.#
#.....W@........#
.......##########
..).... .>##### #


You could see yrara's ghost.

Vanquished Creatures
  A hippogriff (D:5)
  Sigmund (D:4)
  A water moccasin (D:5)
  An ice beast (D:5)
  A sky beast (D:4)
  An ogre (D:4)
  2 centaurs
  A bullfrog (D:6)
  4 water moccasin zombies (Ossuary)
  2 howler monkeys (D:5)
  A bullfrog zombie (D:5)
  A centaur skeleton (D:5)
  An orc wizard (D:5)
  Crazy Yiuf (D:4)
  2 iguanas
  Jessica (D:3)
  Ijyb (D:4)
  A worker ant (D:6)
  A big kobold zombie (Ossuary)
  3 mummies
  A gnoll (D:2)
  8 adders
  4 adder zombies (Ossuary)
  5 worms
  A dart slug (D:2)
  6 leopard geckos
  5 orcs
  4 giant cockroaches
  8 hobgoblins
  7 jackals (D:5)
  10 kobolds
  2 quokkas
  2 ball pythons (D:1)
  3 bats
  A frilled lizard (D:2)
  4 goblins
  7 hobgoblin zombies
  4 kobold zombies (Ossuary)
  4 orc zombies
  8 rats
122 creatures vanquished.

Notes
Turn   | Place    | Note
-------+----------+-------------------------------------------
     0 | D:1      | Freyura the Felid Monk began the quest for the Orb.
     0 | D:1      | Reached XP level 1. HP: 12/12 MP: 3/3
   203 | D:1      | Reached XP level 2. HP: 16/16 MP: 4/4
   911 | D:2      | Reached XP level 3. HP: 20/20 MP: 5/5
   954 | D:2      | Reached skill level 4 in Stealth
  1608 | D:3      | Reached XP level 4. HP: 23/24 MP: 6/6
  1608 | D:3      | Noticed Jessica
  1615 | D:3      | Killed Jessica
  1633 | D:3      | Found a faded altar of an unknown god.
  1907 | D:3      | Found a glowing golden altar of the Shining One.
  2216 | D:4      | Noticed Ijyb
  2221 | D:4      | Found a staircase to the Ecumenical Temple.
  2261 | D:4      | Killed Ijyb
  2288 | Temple   | Entered the Ecumenical Temple
  2511 | Temple   | Became a worshipper of Dithmenos the Shadowed
  2511 | Temple   | Reached * piety under Dithmenos
  2511 | Temple   | Reached ** piety under Dithmenos
  2840 | D:4      | Reached skill level 5 in Dodging
  2840 | D:4      | Reached skill level 5 in Stealth
  2840 | D:4      | Reached XP level 5. HP: 29/29 MP: 7/7
  2840 | D:4      | Noticed a sky beast
  2847 | D:4      | Killed a sky beast
  2891 | D:4      | Noticed an ogre
  2936 | D:4      | Killed an ogre
  2949 | D:4      | Gained mutation: You are covered in thick fur. (AC +2)
                  | [Felid growth]
  2949 | D:4      | Reached XP level 6. HP: 33/33 MP: 8/8
  3060 | D:4      | Found a sand-covered staircase.
  3064 | Ossuary  | Entered an ossuary
  3066 | Ossuary  | Reached skill level 6 in Stealth
  3216 | Ossuary  | Reached skill level 5 in Unarmed Combat
  3390 | D:4      | Reached skill level 7 in Stealth
  3390 | D:4      | Reached XP level 7. HP: 38/38 MP: 9/9
  3390 | D:4      | Noticed Sigmund
  3397 | D:4      | Killed Sigmund
  3411 | D:4      | Reached *** piety under Dithmenos
  3453 | D:4      | Found a runed door.
  3613 | D:4      | Noticed Crazy Yiuf
  3617 | D:4      | Killed Crazy Yiuf
  3649 | D:5      | Entered Level 5 of the Dungeon
  3649 | D:5      | Found Gozag's Platinum Reserve.
  3649 | D:5      | Found an opulent altar of Gozag.
  3690 | D:5      | Found a shimmering blue altar of Sif Muna.
  4277 | D:5      | Reached skill level 8 in Stealth
  4277 | D:5      | Reached XP level 8. HP: 40/42 MP: 11/11
  4277 | D:5      | Noticed a hippogriff
  4294 | D:5      | Killed a hippogriff
  4860 | D:6      | Found a runed translucent door.
  4863 | D:6      | Reached skill level 5 in Fighting
  4863 | D:6      | Noticed yrara's ghost (novice DsFi)
  4888 | D:6      | Slain by yrara's ghost
  4889 | D:6      | Reached XP level 7. HP: -1/39 MP: 10/10
  4924 | D:6      | Slain by yrara's ghost
  4925 | D:6      | Reached XP level 6. HP: -5/35 MP: 9/9
  4952 | D:6      | Found a glowing drain.
  5157 | D:6      | Reached **** piety under Dithmenos
  5193 | D:6      | Slain by yrara's ghost

Skill      XL: |  1  2  3  4  5  6  7  8 |
---------------+-------------------------+-----
Stealth        | 4 5 7 8 |  8.7
Unarmed Combat | 4 5 6 |  6.0
Dodging        | 5 6 |  6.7
Fighting       | 4 5 |  5.0
Invocations    | 3 |  3.3

Action                   |  1- 3 |  4- 6 |  7- 9 || total
-------------------------+-------+-------+-------++-------
Melee: Unarmed           |   106 |   245 |   185 ||   536
       Bite              |     5 |    24 |    25 ||    54
       Punch             |     2 |     7 |     3 ||    12
  Use: Scroll            |    10 |     8 |       ||    18
       Potion            |       |     2 |     4 ||     6
 Stab: Sleeping          |    12 |    17 |    13 ||    42
       Distracted        |       |     2 |       ||     2
  Eat: Chunk             |     9 |     3 |     2 ||    14
Armor: Skin              |     9 |    17 |    15 ||    41
Dodge: Dodged            |    74 |   186 |   177 ||   437
